[Event "Late-Titled-Tuesday-Blitz-September-26-2023"]
[Site "Chess.com"]
[Date "2023.09.26"]
[Round "9"]
[White "ArtemDyachuk"]
[Black "SpeedofLight0"]
[Result "0-1"]
[WhiteElo "2702"]
[BlackElo "3041"]
[TimeControl "180+1"]
[EndTime "15:40:06 PDT"]
[Termination "SpeedofLight0 won by checkmate"]

1. e4 c6 2. d4 d5 3. e5 Bf5 4. Nf3 e6 5. Be2 Ne7 6. O-O h6 7. Nbd2 Nd7 8. Nb3 Bh7 9. Re1 Ng6 10. Bd3 Be7 11. g3 O-O 12. h4 Re8 13. a4 c5 14. dxc5 Nxc5 15. Bb5 Nd7 16. a5 a6 17. Ba4 Rc8 18. Be3 Ngxe5 19. Nxe5 Nxe5 20. Bb6 Qd6 21. Bxe8 Bxc2 22. Qe2 Bxb3 23. Ba4 Bxa4 24. Rxa4 Nc4 25. Bd4 Qc6 26. Raa1 Qb5 27. Qg4 Bf8 28. Rxe6 Qd7 29. Re4 f5 30. Re7 Qxe7 31. Qxf5 Rd8 32. b3 Nd2 33.
Be3 Qe4 34. Qh5 Nf3+ 35. Kf1 d4 36. Bf4 d3 37. Ra4 Qe2+ 38. Kg2 Ne1+ 39. Kh3 Qxh5 40. Rd4 Rxd4 41. g4 Qd5 42. Bg3 Qg2# 0-1

[Event "Late-Titled-Tuesday-Blitz-September-26-2023"]
[Site "Chess.com"]
[Date "2023.09.26"]
[Round "9"]
[White "djano"]
[Black "Herman-NY"]
[Result "1-0"]
[WhiteElo "2646"]
[BlackElo "2495"]
[TimeControl "180+1"]
[EndTime "15:40:07 PDT"]
[Termination "djano won on time"]

1. d4 Nf6 2. Bf4 g6 3. c3 Bg7 4.
h3 O-O 5. Nf3 d6 6. e3 Nfd7 7.
Nbd2 e5 8. Bg5 f6 9. Bh4 g5 10. Bg3 f5 11. h4 g4 12. Ng5 Nb6 13. Qb3+ Kh8 14. Nf7+ Rxf7 15. Qxf7 Nc6 16. h5 Bf6 17. h6 Qe7 18. Qxe7 Nxe7 19. dxe5 dxe5 20. Nc4 Ng6 21. f3 gxf3 22. gxf3 Be6 23. Nxb6 axb6 24.
a3 Bb3 25. Bd3 f4 26. exf4 Nxf4 27. Bxf4 exf4 28. Be4 c6 29. Kf2 Be7 30. Rh5 Bc5+ 31. Kg2 Rg8+ 32. Kh2 Bf2 33. Rf1 Be3 34. Re5 b5 35. Re7 1-0

[Event "Late-Titled-Tuesday-Blitz-September-26-2023"]
[Site "Chess.com"]
[Date "2023.09.26"]
[Round "9"]
[White "Bodhanas"]
[Black "wild3000"]
[Result "0-1"]
[WhiteElo "2118"]
[BlackElo "2360"]
[TimeControl "180+1"]
[EndTime "15:40:07 PDT"]
[Termination "wild3000 won by resignation"]

1. d4 g6 2. Nf3 Bg7 3. g3 d5 4. Bg2 c5 5. c3 cxd4 6. cxd4 Nc6 7. Nc3 Nf6 8. e3 O-O 9. O-O a6 10. Ne5 Qd6 11. Nxc6 bxc6 12. e4 dxe4 13. Bf4 Qb4 14. Be5 Bf5 15. Qe2 Rfd8 16. a3 Qb3 17. Bxf6 Bxf6 18.
Nxe4 Bxd4 19. Rac1 Qxb2 20. Qxb2 Bxb2 21. Rxc6 Bxa3 22. Rc3 Bb4 23. Rc4 a5 24. g4 Be6 25.
Rc2 Bxg4 26. Ng5 Rac8 27. Rxc8 Rxc8 28. h3 Bf5 29. Bd5 e6 30. Be4 Bxe4 31. Nxe4 Rc4 32. f3 a4 33. Ra1 a3 34. Kg2 Rc2+ 35. Kg3 a2 36. h4 f5 37. Ng5 Bc3 38. Rxa2 Rxa2 39.
f4 Ra6 40. Kf3 Bf6 41. Kg3 Bxg5 42. hxg5 e5 43. fxe5 Ra4 44. Kf3 Kf7 45. Ke3 Ke6 0-1

[Event "Late-Titled-Tuesday-Blitz-September-26-2023"]
[Site "Chess.com"]
[Date "2023.09.26"]
[Round "9"]
[White "AradNazari"]
[Black "TigrVShlyape"]
[Result "1-0"]
[WhiteElo "2806"]
[BlackElo "2958"]
[TimeControl "180+1"]
[EndTime "15:40:11 PDT"]
[Termination "AradNazari won on time"]

1. e4 e5 2. f4 exf4 3. Nf3 Nf6 4. e5 Nh5 5. d4 d5 6. c4 c6 7. Nc3 Bb4 8. Be2 O-O 9. O-O dxc4 10. Bxc4 Nd7 11.
Ne4 Nb6 12. Be2 g6 13. Nfg5 h6 14. Bxh5 hxg5 15. Nf6+ Kg7 16. h4 Rh8 17. hxg5 gxh5 18. Nxh5+ Rxh5 19. Qxh5 Qxd4+ 20. Kh2 Qxe5 21. Bxf4 Qf5 22.
Bg3 1-0

[Event "Late-Titled-Tuesday-Blitz-September-26-2023"]
[Site "Chess.com"]
[Date "2023.09.26"]
[Round "9"]
[White "ChadBiryani"]
[Black "laskakid"]
[Result "1-0"]
[WhiteElo "2502"]
[BlackElo "2329"]
[TimeControl "180+1"]
[EndTime "15:40:13 PDT"]
[Termination "ChadBiryani won by resignation"]

1. c4 Nf6 2. Nc3 g6 3. g3 Bg7 4. Bg2 O-O 5. e4 d6 6. Nge2 c5 7. O-O Nc6 8. d3 Bd7 9. Bg5 Ne8 10. Qd2 Nc7 11. Bh6 Ne6 12. Bxg7 Kxg7 13. f4 Ned4 14.
f5 f6 15. Nf4 Qe8 16. g4 Ne5 17. h3 a6 18. Nce2 Nxe2+ 19. Qxe2 b5 20. b3 Rb8 21.
Rad1 Qf7 22. h4 bxc4 23. dxc4 h6 24. fxg6 Nxg6 25. Nh5+ Kh7 26. g5 Qe6 27. gxf6 exf6 28. Rd5 Nxh4 29. Rf2 Nxg2 30. Rxg2 Rg8 31. Rf5 Rxg2+ 32.
Qxg2 Rg8 33. Nxf6+ Qxf6 34. Rxf6 Rxg2+ 35. Kxg2 Bc6 36.
Kf3 Kg7 37. Rxd6 Ba8 38. Rxa6 Bb7 39. Ra7 1-0

[Event "Late-Titled-Tuesday-Blitz-September-26-2023"]
[Site "Chess.com"]
[Date "2023.09.26"]
[Round "9"]
[White "kleinebeer98"]
[Black "jcibarra"]
[Result "0-1"]
[WhiteElo "2822"]
[BlackElo "2955"]
[TimeControl "180+1"]
[EndTime "15:40:18 PDT"]
[Termination "jcibarra won by resignation"]

1. e4 c5 2. Nf3 Nc6 3. d4 cxd4 4. Nxd4 Nf6 5. Nc3 e6 6. Ndb5 Bc5 7. Bf4 O-O 8. Bc7 Qe7 9. Bd6 Bxd6 10. Qxd6 Qd8 11. O-O-O a6 12. Nd4 Ne7 13. h4 b5 14. h5 Ne8 15. Qg3 h6 16. e5 Bb7 17.
Bd3 Qb6 18. Rh4 Kh8 19. a3 Rc8 20. Rg4 Rg8 21. Qf4 f5 22. exf6 Nxf6 23. Rg6 Nxg6 24. hxg6 Rgf8 25. Rh1 Ng8 26. Qe3 e5 27. Nf5 Qxe3+ 28.
Nxe3 Rxf2 29. Ncd5 Bxd5 30. Nxd5 Nf6 31. Ne7 Re8 32.
Nf5 e4 33. Nd6 exd3 34. Nxe8 Rxc2+ 35. Kb1 Nxe8 36. Rd1 Rxg2 37. Rxd3 Rxg6 38. Rxd7 Nf6 39. Rxg7 Kxg7 0-1

[Event "Late-Titled-Tuesday-Blitz-September-26-2023"]
[Site "Chess.com"]
[Date "2023.09.26"]
[Round "9"]
[White "Zavgorodniy_Sergiy"]
[Black "DeArron_Fox"]
[Result "1-0"]
[WhiteElo "2585"]
[BlackElo "2474"]
[TimeControl "180+1"]
[EndTime "15:40:19 PDT"]
[Termination "Zavgorodniy_Sergiy won by checkmate"]

1. d4 d5 2. c4 e6 3. Nf3 Nf6 4. e3 Be7 5. Nbd2 O-O 6. Bd3 b6 7.
O-O Bb7 8. Qe2 Nbd7 9. e4 dxe4 10. Nxe4 c5 11. Rd1 cxd4 12. Nxd4 Nc5 13. Nxc5 Bxc5 14. Nf3 Qc7 15. Ne5 h6 16. Bf4 Qe7 17. a3 a5 18. Bc2 Rfd8 19. Kf1 Bd4 20. Rab1 a4 21. Nf3 Bxf3 22. Qxf3 e5 23. Be3 Qc5 24. Bxd4 exd4 25. Bd3 Ra7 26. Re1 Re7 27. Rxe7 Qxe7 28. Re1 Qd6 29. g3 g6 30. Kg2 Nd7 31. Qd1 Nc5 32. Qf3 Kg7 33. h4 h5 34. Kg1 Rd7 35. Re2 Re7 36. Rd2 Nb3 37. Rd1 Nc5 38. Rd2 Re1+ 39. Kg2 Nb3 40. Re2 Rxe2 41. Bxe2 Nc5 42. Bd3 Qe6 43.
Qd1 Qc6+ 44. Kg1 Ne6 45. Qe2 Qc5 46. Be4 Kf6 47. Bd5 Nc7 48. Qf3+ Kg7 49. Qxf7+ Kh6 50. Qg8 Nxd5 51. Qh8# 1-0

[Event "Late-Titled-Tuesday-Blitz-September-26-2023"]
[Site "Chess.com"]
[Date "2023.09.26"]
[Round "9"]
[White "kai_nov"]
[Black "KamlaPasand"]
[Result "0-1"]
[WhiteElo "2266"]
[BlackElo "2440"]
[TimeControl "180+1"]
[EndTime "15:40:19 PDT"]
[Termination "KamlaPasand won on time"]

1. d4 d6 2. c4 Nf6 3. Nc3 g6 4. e4 Bg7 5. f3 O-O 6. Bg5 c5 7. d5 e6 8. Qd2 Re8 9. a4 Qa5 10. Ra3 exd5 11. cxd5 Nbd7 12. Nh3 Ne5 13. Nf2 a6 14. Be2 c4 15. O-O Qb4 16. Be3 Bd7 17.
Rfa1 Rac8 18. h3 b5 19. axb5 axb5 20. Ra7 h6 21. R1a3 g5 22. Qc2 Ng6 23. Kf1 Nf4 24. Na2 Qxa3 25. bxa3 N4xd5 26. Bd4 Nxe4 27. Rxd7 Bxd4 0-1

[Event "Late-Titled-Tuesday-Blitz-September-26-2023"]
[Site "Chess.com"]
[Date "2023.09.26"]
[Round "9"]
[White "Dewarfd"]
[Black "chosenpr"]
[Result "1-0"]
[WhiteElo "2224"]
[BlackElo "2270"]
[TimeControl "180+1"]
[EndTime "15:40:19 PDT"]
[Termination "Dewarfd won by resignation"]

1. d4 Nf6 2. e3 c5 3. dxc5 e6 4. Nf3 Bxc5 5. c4 O-O 6. a3 Be7 7.
Be2 b6 8. O-O Bb7 9. b4 d6 10. Bb2 Nbd7 11. Qb3 Re8 12. Rd1 Qc7 13. Nbd2 Rac8 14. Rac1 Qb8 15. Nd4 a6 16. Bf3 Ne5 17. Bxb7 Qxb7 18. N2f3 Nxf3+ 19. Nxf3 Red8 20. Qd3 b5 21. cxb5 axb5 22. Ng5 h6 23. Rxc8 Rxc8 24. Bxf6 hxg5 25.
Bxe7 Qxe7 26. h3 Qf6 27. Qxd6 Rc3 28. Qd8+ Kh7 29. Qxf6 gxf6 30. Rd7 Kg6 31. Rb7 Rxa3 32. Rxb5 Ra2 33. Rb8 Rb2 34. b5 Kf5 35. b6 Ke5 36.
b7 f5 37. g3 f6 38. h4 gxh4 39. gxh4 f4 40. exf4+ Kxf4 41. Kg2 Ke5 42. h5 Kd6 43.
Rd8+ Kc7 44. b8=Q+ Rxb8 45. Rxb8 Kxb8 46. h6 1-0

[Event "Late-Titled-Tuesday-Blitz-September-26-2023"]
[Site "Chess.com"]
[Date "2023.09.26"]
[Round "9"]
[White "brm72"]
[Black "melissa_guez"]
[Result "1-0"]
[WhiteElo "2516"]
[BlackElo "2211"]
[TimeControl "180+1"]
[EndTime "15:40:20 PDT"]
[Termination "brm72 won on time"]

1. e4 c5 2. Nf3 e6 3. d4 cxd4 4. Nxd4 Nc6 5. Nc3 Qc7 6. Be3 a6 7. Qd2 Nf6 8. f3 b5 9. O-O-O Bb7 10. Kb1 Be7 11. g4 O-O 12. h4 b4 13. Nce2 Ne5 14.
Nc1 Nexg4 15. fxg4 Nxe4 16. Qe1 Nc3+ 17. bxc3 Bxh1 18. Bd3 Bd5 19. cxb4 Rfb8 20. c3 a5 21. b5 a4 22. g5 g6 23. h5 e5 24.
Nc2 e4 25. Bf1 Bc4 26. Nd4 a3 27. Ncb3 Bxf1 28. Qxf1 Qxc3 29. Qe2 d5 30. hxg6 fxg6 31. Nc6 Rb7 32. Bd4 Qh3 33. Ba1 Bb4 34. Nxb4 Rab8 35. Nxd5 Rxb5 36. Nf6+ Kf8 37. Nd7+ Kg8 38. Nxb8 Rxb3+ 39. axb3 Qxb3+ 40. Kc1 a2 41. Qb2 Qc4+ 42. Qc2 Qb4 43. Qxa2+ 1-0

[Event "Late-Titled-Tuesday-Blitz-September-26-2023"]
[Site "Chess.com"]
[Date "2023.09.26"]
[Round "9"]
[White "Kostukov_Alex"]
[Black "Javylavilla"]
[Result "0-1"]
[WhiteElo "2391"]
[BlackElo "2347"]
[TimeControl "180+1"]
[EndTime "15:40:25 PDT"]
[Termination "Javylavilla won on time"]

1. g3 d5 2. Bg2 Nf6 3. d3 c5 4. e4 e6 5. e5 Nfd7 6. Nf3 Nc6 7.
Qe2 b6 8. O-O Bb7 9. Bf4 Qc7 10.
h4 O-O-O 11. c4 d4 12. Na3 a6 13. Nc2 h6 14. h5 Be7 15. b4 g5 16. hxg6 fxg6 17.
g4 g5 18. Bg3 h5 19. gxh5 Rxh5 20. b5 axb5 21. cxb5 Na5 22. Rfe1 g4 23. Nd2 Bxg2 24.
Kxg2 Qb7+ 25. Ne4 Nxe5 26. Rh1 Rxh1 27. Rxh1 Nf3 28. Rh7 Ng5 29. Rg7 Nxe4 30. Qxe4 Qxe4+ 31. dxe4 Bd6 32. e5 Bf8 33. Rxg4 d3 34. Ne3 d2 35. Nd1 c4 36. Kf1 c3 37. Nxc3 d1=Q+ 38. Nxd1 Rxd1+ 39. Ke2 Rd8 40. Rg8 Bc5 41. Rg6 Kd7 42. Bh4 Rf8 43. Rg7+ Kc8 44. Ra7 Nc4 45. a4 Nxe5 0-1

[Event "Late-Titled-Tuesday-Blitz-September-26-2023"]
[Site "Chess.com"]
[Date "2023.09.26"]
[Round "9"]
[White "Yushko_Olga"]
[Black "gabduschew"]
[Result "0-1"]
[WhiteElo "2064"]
[BlackElo "2387"]
[TimeControl "180+1"]
[EndTime "15:40:25 PDT"]
[Termination "gabduschew won on time"]

1. d4 c6 2. c4 Qa5+ 3. Nc3 g5 4.
h3 Bg7 5. Nf3 h6 6. e3 d6 7. Bd3 Nd7 8. Rb1 Nf8 9. b4 Qc7 10.
b5 Nf6 11. a4 g4 12. hxg4 Bxg4 13. Be2 h5 14. Ba3 c5 15. Nd5 Nxd5 16. cxd5 Bxf3 17. Bxf3 cxd4 18. exd4 Qc3+ 19. Qd2 Qxa3 20. Bxh5 Qxa4 21. Qf4 Ng6 22. Qg5 Qa5+ 23. Ke2 Qa2+ 24. Kf3 Bf6 25. Qe3 Qxd5+ 26. Ke2 Rxh5 27. Rhc1 Bxd4 0-1

[Event "Late-Titled-Tuesday-Blitz-September-26-2023"]
[Site "Chess.com"]
[Date "2023.09.26"]
[Round "9"]
[White "DonkyDonkyDonkey"]
[Black "FMVolodymyrSakun"]
[Result "1-0"]
[WhiteElo "2754"]
[BlackElo "2645"]
[TimeControl "180+1"]
[EndTime "15:40:26 PDT"]
[Termination "DonkyDonkyDonkey won on time"]

1. d4 Nf6 2. Nc3 d5 3. Bf4 e6 4.
Nb5 Na6 5. e3 c6 6. Nc3 Bb4 7.
Bd3 c5 8. Nf3 c4 9. Be2 Ne4 10.
O-O Nxc3 11. bxc3 Bxc3 12. Rb1 O-O 13. h4 f6 14. h5 Rf7 15. Kh1 Qa5 16. g4 e5 17.
dxe5 Bxg4 18. Rg1 Bxh5 19. e6 Re7 20. Nh4 Bxe2 21. Qxe2 d4 22. e4 Rc8 23. Nf5 Qd8 24. Bd6 Rcc7 25. Bxe7 Rxe7 26. Nxe7+ Qxe7 27. Qh5 Nc5 28. Rxg7+ Kxg7 29. Rg1+ Kh8 30. Qf7 Qxf7 31. exf7 1-0

[Event "Late-Titled-Tuesday-Blitz-September-26-2023"]
[Site "Chess.com"]
[Date "2023.09.26"]
[Round "9"]
[White "cassoulet"]
[Black "Pedrada88"]
[Result "1-0"]
[WhiteElo "2752"]
[BlackElo "2570"]
[TimeControl "180+1"]
[EndTime "15:40:26 PDT"]
[Termination "cassoulet won on time"]

1. d4 d5 2. Nf3 Nf6 3. Bf4 e6 4. Nbd2 Bd6 5. e3 Bxf4 6. exf4 Ne4 7. Bd3 f5 8. Ne5 Nc6 9. Qh5+ g6 10. Nxg6 Nf6 11.
Qh3 Rg8 12. Ne5 Nxd4 13. O-O-O c5 14. Rhe1 Qa5 15. c3 Nb5 16. Bxf5 Qxa2 17. Bxe6 Nxc3 18.
Bf7+ Kf8 19. Qxc3 Bf5 20. Qa3 Qxa3 21. bxa3 Rxg2 22. Ndf3 Rxf2 23. Bxd5 Rc2+ 24. Kb1 Nxd5 25. Ka1 Nc3 26. Rd2 b5 27. Rxc2 Bxc2 28. Rc1 b4 29. Rxc2 a5 30. Nd7+ Ke7 31. Nxc5 Rf8 32. Nd3 Rd8 33.
Nfe5 Kf6 34. axb4 1-0

[Event "Late-Titled-Tuesday-Blitz-September-26-2023"]
[Site "Chess.com"]
[Date "2023.09.26"]
[Round "9"]
[White "Willychess95"]
[Black "zajka-molotok"]
[Result "1-0"]
[WhiteElo "2711"]
[BlackElo "2565"]
[TimeControl "180+1"]
[EndTime "15:40:29 PDT"]
[Termination "Willychess95 won by resignation"]

1. e4 c5 2. Nf3 Nc6 3. d4 cxd4 4. Nxd4 Nf6 5. Nc3 e5 6. Ndb5 d6 7. Bg5 a6 8. Na3 b5 9. Nd5 Be7 10. Bxf6 Bxf6 11. c4 b4 12. Nc2 Rb8 13. b3 O-O 14. g3 Be6 15. Bg2 g6 16. O-O Bg7 17. Qd3 a5 18.
Rad1 Qd7 19. Kh1 Rbd8 20. Nde3 Qe7 21. f4 exf4 22. gxf4 Qh4 23. Qe2 Bc8 24. e5 dxe5 25. Bxc6 exf4 26. Ng2 Qf6 27. Bd5 g5 28. Nd4 Rde8 29. Qf2 Qg6 30. Rg1 Qf6 31. Rd2 h6 32. Qf3 Bf5 33. Nxf5 Qxf5 34. Nxf4 gxf4 35. Rdg2 Qf6 36.
Rxg7+ Qxg7 37. Rxg7+ Kxg7 38. Qxf4 f6 39. Qg4+ Kh8 40.
Qg6 1-0

[Event "Late-Titled-Tuesday-Blitz-September-26-2023"]
[Site "Chess.com"]
[Date "2023.09.26"]
[Round "9"]
[White "PepeCuenca"]
[Black "ozates"]
[Result "1-0"]
[WhiteElo "2695"]
[BlackElo "2538"]
[TimeControl "180+1"]
[EndTime "15:40:31 PDT"]
[Termination "PepeCuenca won by resignation"]

1. c4 c5 2. Nf3 Nc6 3. d4 cxd4 4. Nxd4 g6 5. e4 Bg7 6. Be3 d6 7. Nc3 Nf6 8. Be2 O-O 9. O-O Bd7 10. h3 Nxd4 11. Bxd4 Bc6 12. Qc2 Nd7 13. Bxg7 Kxg7 14. b4 Nf6 15. Rad1 Qc8 16. a3 a6 17. Qb2 Kg8 18.
Bd3 Qe6 19. Rfe1 Rac8 20. f4 Nh5 21. Qf2 Qf6 22. Ne2 Ba4 23. Rd2 Bb3 24. g4 Ng7 25. g5 Qe6 26. Nd4 Qxh3 27. Nxb3 b5 28. c5 Nh5 29. Rf1 dxc5 30. Nxc5 Rfd8 31. Qf3 Qh4 32. Rg2 f5 33. exf5 Rd4 34. Rg4 1-0

[Event "Late-Titled-Tuesday-Blitz-September-26-2023"]
[Site "Chess.com"]
[Date "2023.09.26"]
[Round "9"]
[White "Rital44"]
[Black "NotFischer"]
[Result "1-0"]
[WhiteElo "2517"]
[BlackElo "2268"]
[TimeControl "180+1"]
[EndTime "15:40:34 PDT"]
[Termination "Rital44 won by checkmate"]

1. d4 g6 2. e4 Bg7 3. Nf3 c6 4. h3 d5 5. Nc3 Nf6 6. e5 Ne4 7. Bd3 Nxc3 8. bxc3 O-O 9. O-O c5 10. dxc5 Nc6 11. Re1 Qa5 12. a4 Qxc5 13. Ba3 Qxc3 14. Bb5 Nxe5 15. Nd4 Qxd4 16. Qxd4 Nf3+ 17. gxf3 Bxd4 18.
Rad1 Bf6 19. Bxe7 Bxe7 20. Rxe7 Rd8 21. Kg2 Kg7 22. Rde1 a6 23. Be8 Bf5 24. Bxf7 Kf8 25. Rxb7 Rd7 26. Rxd7 Bxd7 27. Bxd5 Rc8 28. c4 Bxa4 29.
Ra1 Bb3 30. Kg3 a5 31. Rxa5 Bxc4 32. Be4 Kg7 33. h4 Rc7 34. Kf4 Bf7 35. Ra8 Re7 36. Kg5 h6+ 37. Kf4 Re6 38. Ra7 Rf6+ 39. Kg3 g5 40.
hxg5 hxg5 41. Kg4 Kh6 42. Bf5 Be6 43. Rh7# 1-0

[Event "Late-Titled-Tuesday-Blitz-September-26-2023"]
[Site "Chess.com"]
[Date "2023.09.26"]
[Round "9"]
[White "AEMEffi"]
[Black "Chessdreamer2020"]
[Result "0-1"]
[WhiteElo "2371"]
[BlackElo "2519"]
[TimeControl "180+1"]
[EndTime "15:40:35 PDT"]
[Termination "Chessdreamer2020 won on time"]

1. d4 d6 2. c4 e5 3. Nf3 e4 4. Ng5 f5 5. Nc3 Be7 6. h4 Nf6 7. g3 O-O 8. Bg2 c6 9. Nh3 Na6 10. Nf4 Nc7 11. d5 Nd7 12. Be3 a5 13. O-O c5 14. f3 exf3 15. exf3 Bf6 16. Nh5 Bxc3 17. bxc3 Ne5 18. Qe2 Qe8 19. Nf4 Nxc4 20. Qxc4 Qxe3+ 21. Kh2 b5 22. Qb3 a4 23. Qb2 Re8 24. Rae1 Qxe1 25. Rxe1 Rxe1 26. c4 b4 27. Nh5 Re7 28. Nf6+ Kh8 29. h5 a3 30. Qa1 h6 31.
g4 Ne8 32. Nxe8 Rxe8 33. g5 hxg5 34. h6 Ra7 35. f4 g4 36. Kg3 Kg8 37. hxg7 Rxg7 38.
Qf6 b3 39. axb3 a2 40. Qa1 Re2 41. b4 cxb4 42. c5 dxc5 43. d6 Be6 44. Qf6 Bc4 0-1

[Event "Late-Titled-Tuesday-Blitz-September-26-2023"]
[Site "Chess.com"]
[Date "2023.09.26"]
[Round "9"]
[White "dretch"]
[Black "Jarming"]
[Result "1-0"]
[WhiteElo "2850"]
[BlackElo "2677"]
[TimeControl "180+1"]
[EndTime "15:40:45 PDT"]
[Termination "dretch won by checkmate"]

1. d4 Nf6 2. c4 g6 3. Nc3 d5 4.
e3 Bg7 5. Qb3 c6 6. Nf3 O-O 7.
Be2 dxc4 8. Bxc4 b5 9. Be2 Nbd7 10. O-O Bb7 11. a4 a6 12. e4 e6 13. e5 Nd5 14.
Nxd5 exd5 15. axb5 cxb5 16. h4 Nb6 17. h5 Rc8 18.
hxg6 fxg6 19. Ng5 Qe7 20. Qh3 Bh8 21. Bg4 h5 22. Be6+ Kg7 23. f4 Kh6 24. Bxc8 Bxc8 25. Qg3 Bf5 26. Rxa6 Nc4 27. b3 Qb7 28. Ne6 Qxa6 29.
Qg5+ Kh7 30. Nxf8+ Kg8 31. Qd8 Qb6 32. Qe8 Qxd4+ 33. Kh2 Qd3 34. Ne6+ Kh7 35. Qf7+ Kh6 36. Qf8+ Kh7 37. Ng5# 1-0

[Event "Late-Titled-Tuesday-Blitz-September-26-2023"]
[Site "Chess.com"]
[Date "2023.09.26"]
[Round "9"]
[White "orestn"]
[Black "TheMagician"]
[Result "0-1"]
[WhiteElo "2405"]
[BlackElo "2276"]
[TimeControl "180+1"]
[EndTime "15:40:47 PDT"]
[Termination "TheMagician won by resignation"]

1. e4 e5 2. Nf3 Nc6 3. Bc4 Bc5 4. d3 d6 5. O-O Nf6 6. Be3 O-O 7. Bxc5 dxc5 8. h3 a6 9. Nbd2 Qd6 10. Re1 Be6 11. Bb3 b5 12. Bxe6 Qxe6 13. a4 Nd7 14. Nf1 Nb6 15. axb5 axb5 16. Ne3 Nd4 17. Rb1 c6 18. c3 Nxf3+ 19. Qxf3 Rad8 20. Rbd1 Rd7 21. Re2 Rfd8 22. Red2 g6 23. Ng4 Rd6 24. Qe3 Nd7 25. d4 h5 26. Nh2 cxd4 27. cxd4 Nf6 28. dxe5 Rxd2 29. Rxd2 Rxd2 30. Qxd2 Qxe5 31. f3 c5 32. Nf1 b4 33. Ne3 h4 34. Kf2 Nh5 35. Nd5 Kh7 36. b3 f6 37. f4 Qxe4 38. f5 gxf5 39. Ne3 Qf4+ 40. Ke2 Ng3+ 41. Kd1 Ne4 42. Qe2 0-1

[Event "Late-Titled-Tuesday-Blitz-September-26-2023"]
[Site "Chess.com"]
[Date "2023.09.26"]
[Round "9"]
[White "canary2016"]
[Black "ZuraTqebuchava"]
[Result "0-1"]
[WhiteElo "2108"]
[BlackElo "2237"]
[TimeControl "180+1"]
[EndTime "15:40:47 PDT"]
[Termination "ZuraTqebuchava won on time"]

1. d4 d5 2. c4 e6 3. Nc3 Nf6 4. Nf3 Be7 5. Bf4 Bd6 6. Bg3 Bxg3 7. hxg3 dxc4 8. e4 c6 9. Bxc4 Nbd7 10. O-O Nb6 11.
Bb3 O-O 12. Re1 h6 13. Rc1 a5 14. Ne5 Re8 15. Nc4 Nxc4 16. Bxc4 Qb6 17. Bb3 Rd8 18. d5 cxd5 19. exd5 exd5 20. Re7 Be6 21. Na4 Qb4 22. Rcc7 Re8 23. Rxb7 Qd6 24. Rxe8+ Rxe8 25. Qc2 Rc8 26. Qd2 Qc6 27. Rb6 Qc1+ 28. Qxc1 Rxc1+ 0-1

[Event "Late-Titled-Tuesday-Blitz-September-26-2023"]
[Site "Chess.com"]
[Date "2023.09.26"]
[Round "9"]
[White "Nekoo04"]
[Black "jcmesafischer"]
[Result "1-0"]
[WhiteElo "2317"]
[BlackElo "2316"]
[TimeControl "180+1"]
[EndTime "15:40:49 PDT"]
[Termination "Nekoo04 won on time"]

1. d4 Nf6 2. c4 e6 3. Nf3 d5 4. g3 Be7 5. Bg2 O-O 6. O-O dxc4 7. Qc2 a6 8. a4 Bd7 9. Rd1 Bc6 10. Nc3 Nbd7 11. e4 b6 12. d5 exd5 13. e5 Ne4 14. Nxd5 Nec5 15. Nxe7+ Qxe7 16. Ng5 g6 17. Bxc6 Rad8 18.
Bxd7 Rxd7 19. Rxd7 Nxd7 20. Qxc4 Nxe5 21. Qh4 h5 22.
Qe4 f6 23. Bf4 Re8 24. Bxe5 fxg5 25. Qxg6+ Kf8 26. Bf6 Qf7 27. Qxg5 Re6 28. Bc3 Ke8 29. Rd1 Qf3 30. Rd8+ Kf7 31. Qg8+ 1-0

[Event "Late-Titled-Tuesday-Blitz-September-26-2023"]
[Site "Chess.com"]
[Date "2023.09.26"]
[Round "9"]
[White "Fan_Of_Chucky"]
[Black "HamedWafa4"]
[Result "0-1"]
[WhiteElo "2511"]
[BlackElo "2646"]
[TimeControl "180+1"]
[EndTime "15:40:50 PDT"]
[Termination "HamedWafa4 won by checkmate"]

1. d4 Nf6 2. c4 e6 3. Nf3 Bb4+ 4. Bd2 Bxd2+ 5. Qxd2 O-O 6. Nc3 d5 7. e3 b6 8. cxd5 Nxd5 9. Nxd5 Qxd5 10. Bd3 Bb7 11.
O-O c5 12. dxc5 Rd8 13. Rfd1 Nc6 14. Qe2 Qxc5 15. Rac1 Qb4 16. Rc4 Qe7 17. Rh4 g6 18.
Rc1 Ne5 19. Nxe5 Qxh4 20. Rc7 Rac8 21. Qc2 Qg5 22. f4 Rxc7 23. fxg5 Rxc2 24. Bxc2 Rd2 25. Bb3 Rxg2+ 26. Kf1 Rxh2 27. Ng4 Rxb2 28. Nf6+ Kg7 29. Ne8+ Kf8 30. Nd6 Ba6+ 31. Ke1 Rh2 32. Ne4 h5 33. gxh6 Rxh6 34. Kf2 Rh2+ 35. Kg3 Re2 36. Kf3 Re1 37. Nc3 Rf1+ 38. Kg3 Kg7 39. Ne4 Bb7 40. Nd2 Re1 41. Kf2 Rh1 42. Nc4 Bd5 43. Nd6 Bxb3 44. axb3 Rb1 45.
Nc8 Rxb3 46. Nxa7 b5 47. Ke2 b4 48. Kd2 g5 49. Nc6 g4 50. Nd4 Rb2+ 51. Kd3 g3 52.
Nf3 g2 53. Ke4 b3 54. Kf4 Rf2 55. Kg3 Rxf3+ 56. Kxg2 Rxe3 57. Kf2 Rc3 58. Ke2 b2 59. Kd2 Rc4 60. Kd3 Rc6 61. Kd4 b1=Q 62. Ke5 Qb2+ 63.
Kf4 Rc4+ 64. Kg5 Qf6+ 65. Kh5 Qh6# 0-1

[Event "Late-Titled-Tuesday-Blitz-September-26-2023"]
[Site "Chess.com"]
[Date "2023.09.26"]
[Round "9"]
[White "Mariia89"]
[Black "PNEPaul"]
[Result "1-0"]
[WhiteElo "2071"]
[BlackElo "1936"]
[TimeControl "180+1"]
[EndTime "15:40:52 PDT"]
[Termination "Mariia89 won on time"]

1. d4 a6 2. c4 d6 3. Nc3 g6 4. e4 h6 5. Nf3 Bg7 6. Be2 Nd7 7. O-O e5 8. Re1 Ne7 9. Bf1 O-O 10. Be3 f5 11. dxe5 dxe5 12. exf5 gxf5 13. Nd5 c6 14. Nc3 e4 15. Nd4 Ne5 16. Bf4 N7g6 17. Bxe5 Nxe5 18. Nb3 Qf6 19. c5 Be6 20. Qc2 Rad8 21.
Rad1 Rxd1 22. Rxd1 Rd8 23. Na5 Rxd1 24. Qxd1 Qe7 25.
Qd6 Qxd6 26. cxd6 b6 27. Nb7 b5 28. Nc5 Bd7 29. Nxa6 Bf8 30. a4 bxa4 31. Nxa4 1-0

[Event "Late-Titled-Tuesday-Blitz-September-26-2023"]
[Site "Chess.com"]
[Date "2023.09.26"]
[Round "9"]
[White "ferdipy"]
[Black "LeninGuerra"]
[Result "1-0"]
[WhiteElo "2361"]
[BlackElo "2524"]
[TimeControl "180+1"]
[EndTime "15:40:57 PDT"]
[Termination "ferdipy won on time"]

1. e4 c5 2. d4 cxd4 3. c3 dxc3 4. Nxc3 d6 5. Bc4 Nc6 6. Nf3 e6 7. O-O Nf6 8. Qe2 Be7 9. Rd1 Qc7 10. Bf4 Ne5 11.
Bb3 a6 12. Rac1 Qb8 13. Nd4 O-O 14. Bg5 h6 15. Bh4 Ng6 16. Bg3 Bd7 17. f4 e5 18.
fxe5 dxe5 19. Nf5 Bc5+ 20. Kh1 Bxf5 21. exf5 Nf4 22. Qf3 Ba7 23. Ne4 N4h5 24. Bh4 Bd4 25.
Nxf6+ Nxf6 26. Bxf6 gxf6 27. Qh5 Kh7 28. Bxf7 Be3 29.
Qg6+ Kh8 30. Qxf6+ Kh7 31. Rd7 Qd8 32. Rxd8 Raxd8 33.
Qg6+ Kh8 34. Rf1 Bg5 35. h4 Be3 36. f6 Rxf7 37. Qxf7 Rg8 38. Qe7 Rg4 39. f7 Rxh4+ 40. Qxh4 1-0

[Event "Late-Titled-Tuesday-Blitz-September-26-2023"]
[Site "Chess.com"]
[Date "2023.09.26"]
[Round "9"]
[White "rdarruda"]
[Black "Vadim_Biliy"]
[Result "1-0"]
[WhiteElo "2476"]
[BlackElo "2314"]
[TimeControl "180+1"]
[EndTime "15:40:57 PDT"]
[Termination "rdarruda won on time"]

1. d4 c5 2. d5 f5 3. Nc3 Nf6 4.
f3 Qa5 5. g3 b5 6. Bg5 b4 7. Bxf6 exf6 8. Nb1 d6 9. e4 Be7 10. Bh3 O-O 11. Bxf5 Bxf5 12. exf5 c4 13. Ne2 Bd8 14. O-O Bb6+ 15. Kg2 Nd7 16. Nf4 Qb5 17.
Nd2 Rfe8 18. Ne4 Bc5 19. Qe2 Nb6 20. b3 a6 21. Rfd1 Re5 22. g4 c3 23. Qxb5 axb5 24. Nxc5 dxc5 25. d6 Nd7 26. Kf2 Rae8 27. Re1 Ra8 28.
Re2 Kf7 29. Re3 g5 30. fxg6+ hxg6 31. Nd3 Rd5 32. Re7+ Kf8 33. Rxd7 Rxd3 34. cxd3 c2 35. Rc7 Ke8 36. Rc1 Rxa2 37. Rxc5 1-0